 Dungeon Crawl Stone Soup version 0.27-a0-732-ga892ba84f6 (webtiles) character file.

Game seed: 958045663256765469

896 Dittersdorf the Skirmisher (level 8, 0/51 HPs)
             Began as a Gargoyle Fighter on Mar 23, 2021.
             Was an Initiate of Okawaru.
             Slain by an orc wizard
             ... wielding a +1 dagger of pain
              (1 damage)
             ... on level 4 of the Dungeon.
             The game lasted 00:05:48 (4811 turns).

Dittersdorf the Skirmisher (Gargoyle Fighter)       Turns: 4811, Time: 00:05:49

Health: 0/51       AC: 16    Str: 22    XL:     8   Next: 7%
Magic:  0/8        EV:  6    Int:  9    God:    Okawaru [......]
Gold:   144        SH: 10    Dex:  9    Spells: 7/7 levels left

rFire    . . .     SeeInvis .   a - +0 flail
rCold    . . .     Faith    .   c - +0 kite shield
rNeg     + . .     Spirit   +   o - +0 chain mail
rPois    ∞         Reflect  .   (no helmet)
rElec    +         Harm     .   p - +0 cloak
rCorr    .         Rampage  .   (no gloves)
Will     +....                  (no boots)
Stlth    ..........             k - amulet of guardian spirit
HPRegen  0.17/turn              f - ring of willpower
MPRegen  0.11/turn              (no ring)

@: studying Fighting
A: AC +5, negative energy resistance 1, electricity resistance, torment
resistance 1, unbreathing 1, petrification resistance
a: Renounce Religion


You were on level 4 of the Dungeon.
You worshipped Okawaru.
Okawaru was noncommittal.
You visited 2 branches of the dungeon, and saw 6 of its levels.

You collected 144 gold pieces.

Inventory:

Hand Weapons
 a - a +0 flail (weapon)
Missiles
 d - 15 poisoned darts (quivered)
Armour
 c - a +0 kite shield (worn)
 h - a +0 plate armour
 o - a +0 chain mail (worn)
 p - a +0 cloak (worn)
Jewellery
 f - a ring of willpower (right hand)
 k - an amulet of guardian spirit (around neck)
Scrolls
 b - a scroll of random uselessness {unknown}
 i - a scroll of fog {unknown}
 j - 2 scrolls of teleportation
 l - a scroll of blinking {unknown}
Potions
 e - 2 potions of cancellation {unknown}
 g - 2 potions of haste


   Skills:
 + Level 6.1 Fighting
 + Level 4.8 Maces & Flails
 + Level 5.8 Armour
 + Level 5.8 Shields


You had 7 spell levels left.
You didn't know any spells.
Your spell library was empty.

Dungeon Overview and Level Annotations

Branches:
Dungeon (5/15)             Temple (1/1) D:5

Altars:
Hepliaklqana
Okawaru
Trog
Vehumet
Xom
Yredelemnul

Shops:
D:2 ([[([   D:4 !


Innate Abilities, Weirdness & Mutations

Your stone body is resilient. (AC +5)
You are immune to poison.
You resist negative energy. (rN+)
You are resistant to electric shocks. (rElec)
You are resistant to unholy torment.
You can survive without breathing.
You are immune to petrification.


Message History

* * * LOW HITPOINT WARNING * * *
You closely miss something. Something hits you but does no damage.
You writhe in agony.
* * * LOW HITPOINT WARNING * * *
You barely miss something. Something hits you but does no damage.
You hear some strange, mumbled words.
A puff of flame appears from out of thin air!
You block the puff of flame.
You miss something. Something hits you but does no damage.
You hit something. Something hits you but does no damage.
You hit something but do no damage. Something hits you but does no damage.
You hear some strange, mumbled words.
Something tries to affect you, but you resist.
You closely miss something.
You hear some strange, mumbled words.
Something tries to affect you, but you resist.
You hit something but do no damage. Something hits you but does no damage.
You closely miss something. Something hits you but does no damage.
Something hits you.
* * * LOW HITPOINT WARNING * * *
You miss something. Something hits you but does no damage.
You closely miss something. Something hits you.
* * * LOW HITPOINT WARNING * * *
You miss something. Something hits you.
* * * LOW HITPOINT WARNING * * *
You hear some strange, mumbled words.
A puff of flame appears from out of thin air!
You block the puff of flame.
Your shield and chain mail prevent you from hitting something.
Something hits you but does no damage.
You hit something but do no damage.
Something hits you but does no damage. x2
You hit something. Something hits you.
* * * LOW HITPOINT WARNING * * *
You hit something. Something hits you.
* * * LOW HITPOINT WARNING * * *
You barely miss something.
An orc wizard appears from thin air!
Reactivating autopickup.
The orc wizard hits you but does no damage.
You writhe in agony.
You die...

******** *,* *,#........# #.. *,*
*,#........######.. **** *,*
*,#................ ,,,* *,*
*.#..###.########## ,,,* *,*
*...............,,, ,,,* *,*
*###.###.#######*** ,,,* *,* #.#
#.# ,,,* *,######o###.########**
,,,********,#...@oo............,,
,,,,,,,,,,,,#.#####.##.########**
,,,*********#,* #.##.# ,,,* *,*
#.{#.# ,,,* *,****##o#.#** ,,,*
*........)...# ****
**#######...#.# *,,,,,*
##..#,******** ***********,***,*
*.>#,,,,,,,,,


You could see an orc wizard and 2 orcs.

Vanquished Creatures
  Grinder (D:3)
  Sigmund (D:3)
  2 scorpions
  2 orc priests (D:4)
  Crazy Yiuf (D:3)
  7 orc wizards
  A worker ant (D:4)
  3 gnolls
  3 adders
  An adder zombie (D:5)
  2 worms (D:3)
  A dart slug (D:2)
  16 orcs
  6 bats
  4 giant cockroaches
  5 goblins
  2 hobgoblins
  5 jackals
  3 oozes
  5 quokkas
  4 ball pythons
  2 kobolds
  5 rats
82 creatures vanquished.

Vanquished Creatures (others)
  An orc wizard (D:4)
  A fungus (D:3)
2 creatures vanquished.

Grand Total: 84 creatures vanquished

Notes
Turn   | Place    | Note
-------+----------+-------------------------------------------
     0 | D:1      | Dittersdorf the Gargoyle Fighter began the quest for the
                  | Orb.
     0 | D:1      | Reached XP level 1. HP: 14/14 MP: 1/1
   722 | D:1      | Reached XP level 2. HP: 19/19 MP: 2/2
  1160 | D:2      | Found Hog Voni's Armour Boutique.
  1247 | D:2      | Found Eklo's Antique Armour Shop.
  1356 | D:2      | Found Saqif's Weapon Boutique.
  1398 | D:2      | Reached XP level 3. HP: 19/24 MP: 3/3
  1482 | D:2      | Found Piruton's Weapon Emporium.
  1897 | D:2      | Found Foirr's Antique Armour Boutique.
  2274 | D:3      | Found a runed translucent door.
  2275 | D:3      | Noticed Crazy Yiuf
  2380 | D:3      | Reached XP level 4. HP: 27/29 MP: 4/4
  2457 | D:3      | Reached skill level 4 in Fighting
  2485 | D:3      | Reached XP level 5. HP: 16/33 MP: 2/5
  2961 | D:3      | Noticed Sigmund
  2986 | D:3      | Killed Sigmund
  2987 | D:3      | Reached XP level 6. HP: 15/40 MP: 3/6
  3272 | D:3      | Noticed Grinder
  3500 | D:3      | Paralysed by Grinder for 4 turns
  3509 | D:3      | Killed Grinder
  3510 | D:3      | Reached skill level 5 in Fighting
  3510 | D:3      | Reached skill level 5 in Armour
  3510 | D:3      | Reached skill level 5 in Shields
  3510 | D:3      | Reached XP level 7. HP: 40/44 MP: 7/7
  4030 | D:3      | Killed Crazy Yiuf
  4405 | D:4      | Found Qaikko's Distillery.
  4449 | D:5      | Entered Level 5 of the Dungeon
  4450 | D:5      | Identified a scroll of acquirement
  4450 | D:5      | Acquired a manual of Fighting
  4637 | D:5      | Found a staircase to the Ecumenical Temple.
  4649 | Temple   | Entered the Ecumenical Temple
  4659 | Temple   | Became a worshipper of Warmaster Okawaru
  4768 | D:4      | Reached skill level 6 in Fighting
  4768 | D:4      | Reached XP level 8. HP: 15/51 MP: 2/8
  4806 | D:4      | HP: 2/51 [something (4)]
  4811 | D:4      | Slain by an orc wizard

Illustrated notes

Levels and vault maps discovered:
D:1:      dpeg_cavernosity, layout_basic, chequers_decorated_corner
D:2:      layout_basic, serial_shops, shop_fountains, shop, shop,
          shop_fountains, shop
D:3:      layout_loops_ring, uniq_crazy_yiuf_cottage, uniq_sigmund, uniq_grinder
D:4:      layout_basic, serial_shops, shop
D:5:      layout_basic, lemuel_coloured_pillars_altar, minmay_temple_entry_mist,
          minmay_misc_feat_columns, chequers_jeans
Temple:   eino_temple_rhombus

Skill      XL: |  1  2  3  4  5  6  7 |
---------------+----------------------+-----
Fighting       | 4 5 6 |  6.1
Armour         | 4 5 |  5.8
Shields        | 4 5 |  5.8
Maces & Flails | 3 4 |  4.8

Action                   |  1- 3 |  4- 6 |  7- 9 || total
-------------------------+-------+-------+-------++-------
Melee: Flail             |   113 |   123 |   160 ||   396
Throw: Dart              |       |     4 |     1 ||     5
  Use: Potion            |       |     1 |       ||     1
       Scroll            |       |       |     6 ||     6
Armor: Scale mail        |    57 |    45 |       ||   102
       Chain mail        |       |    85 |   132 ||   217
Dodge: Dodged            |    34 |    52 |    42 ||   128
Block: Kite shield       |    41 |    97 |    86 ||   224

Table legend: (Time is in decaauts)
 A = Elapsed time spent in this place.
 B = Non-inter-level travel time spent in this place.
 C = Inter-level travel time spent in this place.
 D = Time resting spent in this place.
 E = Time spent auto-exploring this place.
 F = Levels seen in this place.
 G = Mean time per level.
                   A        B        C        D        E       F      G
               +--------+--------+--------+--------+--------+-----+--------+
         Total |   4989 |   4791 |    198 |    776 |   3056 |   6 |  831.5 |
       Dungeon |   4973 |   4780 |    193 |    776 |   3051 |   5 |  994.6 |
        Temple |     16 |     11 |      5 |      0 |      5 |   1 |   16.0 |
               +--------+--------+--------+--------+--------+-----+--------+

Top non-repeatable levels by time:
     D:3: 1989 daAuts
     D:2: 1235 daAuts
     D:1: 1102 daAuts
     D:4: 418 daAuts
     D:5: 226 daAuts
  Temple: 16 daAuts
